 Dungeon Crawl Stone Soup version 0.27.1-33-g824d729ab1 (webtiles) character file.

Game seed: 6594921863184465679

3677 McKennaii the Destroyer (level 9, -3/67 HPs)
             Began as a Demigod Conjurer on Dec 4, 2021.
             Shot with an arrow by a centaur (13 damage)
             ... on level 7 of the Dungeon.
             The game lasted 00:09:31 (8354 turns).

McKennaii the Destroyer (Demigod Conjurer)          Turns: 8354, Time: 00:09:32

Health: -3/67      AC:  2    Str:  8    XL:     9   Next: 59%
Magic:  1/25       EV: 12    Int: 32    God:
Gold:   296        SH:  0    Dex: 12    Spells: 17/24 levels left

rFire    . . .     SeeInvis .   v - +2 flail (drain)
rCold    . . .     Faith    .   (no shield)
rNeg     . . .     Spirit   .   a - +0 robe
rPois    .         Reflect  .   (no helmet)
rElec    .         Harm     .   (no cloak)
rCorr    .         Rampage  .   (no gloves)
Will     .....                  (no boots)
Stlth    ++........             i - amulet of regeneration
HPRegen  1.21/turn              (no ring)
MPRegen  0.19/turn              (no ring)

@: hasted, very quick
A: high mp 1, forlorn
a: no special abilities


You were on level 7 of the Dungeon.
You visited 1 branch of the dungeon, and saw 7 of its levels.
You also visited: Ossuary.

You collected 296 gold pieces.

Inventory:

Hand Weapons
 v - a +2 flail of draining (weapon)
Armour
 a - a +0 robe (worn)
Jewellery
 b - a ring of fire
 i - an amulet of regeneration (around neck)
Wands
 s - a wand of flame (15)
 y - a wand of mindburst (11)
Scrolls
 c - 2 scrolls of teleportation {unknown}
 e - a scroll of blinking {unknown}
 g - 8 scrolls of enchant armour {unknown}
 j - 3 scrolls of identify {unknown}
 l - a scroll of torment {unknown}
 n - 3 scrolls of amnesia {unknown}
 q - a scroll of magic mapping {unknown}
 r - 2 scrolls of noise {unknown}
 t - a scroll of fog {unknown}
 u - a scroll of summoning {unknown}
Potions
 d - a potion of cancellation
 f - a potion of haste
 h - 5 potions of brilliance
 k - a potion of curing {unknown}
 m - a potion of attraction {unknown}
 o - 2 potions of heal wounds {unknown}
 p - a potion of flight {unknown}
 w - a potion of berserk rage {unknown}
 x - a potion of mutation {unknown}
 z - a potion of lignification {unknown}


   Skills:
 - Level 2.3 Fighting
 - Level 1.7 Dodging
 - Level 1.7 Stealth
 - Level 0.5 Unarmed Combat
 + Level 8.0 Spellcasting
 - Level 10.0 Conjurations
 - Level 2.0 Translocations


You had 17 spell levels left.
You knew the following spells:

 Your Spells              Type           Power      Damage    Failure   Level
a - Magic Dart            Conj           100%       1d8       1%          1
b - Searing Ray           Conj           100%       3d7       1%          2
c - Iskenderun's Mystic   Conj/Tloc      50%        2d11      3%          4

Your spell library contained the following spells:

 Spells                   Type           Power      Damage    Failure   Level
 Dazzling Flash           Conj/Hex       88%        N/A       1%          3
 Fulminant Prism          Conj/Hex       22%        3d13      4%          4
 Passwall                 Tmut/Erth      10%        N/A       5%          2
 Swiftness                Air            12%        N/A       11%         3
 Invisibility             Hex            6%         N/A       99%         6


Dungeon Overview and Level Annotations

Branches:
Dungeon (7/15)             Temple (0/1) D:5         Ossuary (visited)


Innate Abilities, Weirdness & Mutations

Your attributes grow dramatically as you level up.
You have an increased reservoir of magic. (+10% MP)
You shall have no god before yourself.


Message History

Harold is knocked back by the mystic blast.
Unknown command.
Casting: Iskenderun's Mystic Blast (dangerous; 3% risk of failure)
Confirm with . or Enter, or press ? or * to list all spells.
Aiming: Searing Ray (safe; 1% risk of failure)
Press: ? - help, Shift-Dir - straight line, f/p - Harold
Aim: Harold, wielding a +0 long sword, wearing a +0 chain mail and quivering 5 throwing nets (severely wounded, 92% to hit)
The searing ray hits Harold!
Harold is almost dead. (Press . to maintain the ray.)
A centaur comes into view.
Harold points at you and mumbles some strange words.
A sentinel's mark forms upon you.
The searing ray hits Harold!
You kill Harold!
The centaur wields a +0 shortbow.
The centaur shoots an arrow.
The arrow hits you!
* * * LOW HITPOINT WARNING * * *
Your Spellcasting skill gained 2 levels and is now at level 8!
Unknown command.
The centaur shoots an arrow.
The arrow barely misses you.
The centaur shoots an arrow.
The arrow closely misses you.
It was a potion of brilliance.
You feel clever all of a sudden.
A water moccasin comes into view.
The centaur shoots an arrow.
The arrow hits you!
* * * LOW HITPOINT WARNING * * *
It was a potion of cancellation.
Your magical effects are unravelling.
You feel magically purged.
Your magical contamination has completely faded away.
You feel a little less clever now.
The sentinel's mark upon you fades away.
The centaur shoots an arrow.
The arrow barely misses you.
The water moccasin bites you but does no damage.
The centaur shoots an arrow.
The arrow misses you.
It was a potion of haste.
You feel yourself speed up. The water moccasin closely misses you.
The centaur shoots an arrow.
The arrow hits you!
You die...

##....)..# #.#
#..#.###.###.#
##.##.# #...#.#
##..##.#####.#.#
...###..#
#...#####...
##...##.#
###.........
###.##.#
#..###... #....#
##.S##
####.########@.#
#......# ##.#
#.####...##.#
#.# ##.# #.# .)#
#######.## ..#
#........# #..#
#......#.# #.c.
#.>....#.###
#...


You could see a water moccasin and a centaur.

Vanquished Creatures
  Harold (D:7)
  Joseph (D:7)
  A hornet (D:5)
  The ghost of Flure the Grave Robber, an amateur HuNe (D:4)
  2 water moccasins
  2 ice beasts
  2 orc warriors (D:6)
  A necrophage (D:6)
  A sky beast (D:5)
  4 ogres
  A phantom (D:5)
  A scorpion (D:4)
  A wyvern skeleton (D:7)
  4 wights (D:6)
  A centaur zombie (Ossuary)
  3 orc priests
  A centaur skeleton (D:4)
  A jelly (D:5)
  A bullfrog skeleton (D:5)
  2 gnoll shamans
  A human zombie (Ossuary)
  2 iguanas (D:5)
  3 orc wizards
  A killer bee zombie (D:4)
  A hound zombie (D:5)
  A hound skeleton (D:5)
  4 mummies
  7 gnolls
  2 howler monkey skeletons
  12 adders
  2 white imps (D:5)
  An ufetubus (D:6)
  5 adder zombies (Ossuary)
  26 orcs
  5 ball pythons
  13 endoplasms
  4 giant cockroaches
  5 hobgoblins
  6 jackals
  5 kobolds
  5 quokkas
  5 bats
  3 frilled lizards
  2 goblins
  A goblin zombie (Ossuary)
  7 hobgoblin zombies (Ossuary)
  A jackal zombie (Ossuary)
  14 kobold zombies (Ossuary)
  7 orc zombies
  6 rats
  2 rat zombies (Ossuary)
191 creatures vanquished.

Vanquished Creatures (others)
  2 withered plants (D:4)
2 creatures vanquished.

Grand Total: 193 creatures vanquished

Notes
Turn   | Place    | Note
-------+----------+-------------------------------------------
     0 | D:1      | McKennaii the Demigod Conjurer began the quest for the Orb.
     0 | D:1      | Reached XP level 1. HP: 14/14 MP: 5/5
    78 | D:1      | Noticed a golden eye
   115 | D:1      | Noticed a floating eye
   115 | D:1      | Noticed a golden eye
   115 | D:1      | Noticed an eye of devastation
   390 | D:1      | Reached XP level 2. HP: 20/20 MP: 4/8
   393 | D:1      | Learned a level 2 spell: Searing Ray
  1260 | D:2      | Reached XP level 3. HP: 26/26 MP: 6/10
  2019 | D:3      | Noticed an ogre
  2033 | D:3      | Killed an ogre
  2034 | D:3      | Reached XP level 4. HP: 21/33 MP: 2/13
  2119 | D:3      | Learned a level 4 spell: Iskenderun's Mystic Blast
  2625 | D:3      | Reached XP level 5. HP: 38/38 MP: 12/15
  3209 | D:4      | Reached skill level 5 in Spellcasting
  3326 | D:4      | Found a sand-covered staircase.
  3427 | Ossuary  | Entered an ossuary
  3934 | Ossuary  | Reached XP level 6. HP: 46/46 MP: 2/17
  4480 | D:4      | Found a runed translucent door.
  4480 | D:4      | Noticed Flure's ghost (amateur HuNe)
  4480 | D:4      | Noticed a water moccasin
  4486 | D:4      | Killed a water moccasin
  4813 | D:4      | Reached skill level 4 in Conjurations
  4813 | D:4      | Reached XP level 7. HP: 45/55 MP: 8/19
  5281 | D:4      | Killed Flure's ghost
  5282 | D:4      | Reached skill level 5 in Conjurations
  5370 | D:5      | Entered Level 5 of the Dungeon
  5516 | D:5      | Reached skill level 6 in Conjurations
  5801 | D:5      | Noticed a hornet
  5807 | D:5      | Killed a hornet
  5808 | D:5      | Reached skill level 7 in Conjurations
  5808 | D:5      | Reached XP level 8. HP: 61/61 MP: 13/20
  6149 | D:5      | Found a staircase to the Ecumenical Temple.
  6202 | D:5      | Reached skill level 8 in Conjurations
  6789 | D:6      | Reached skill level 9 in Conjurations
  7737 | D:6      | Reached XP level 9. HP: 67/67 MP: 14/21
  8122 | D:7      | Reached skill level 10 in Conjurations
  8125 | D:7      | Reached skill level 1 in Translocations
  8223 | D:7      | Noticed Joseph
  8236 | D:7      | Killed Joseph
  8337 | D:7      | Noticed Harold
  8350 | D:7      | Killed Harold
  8354 | D:7      | Shot with an arrow by a centaur

Illustrated notes

Levels and vault maps discovered:
D:1:      moated_graveyard_arrival, layout_basic,
          hellmonk_ecumenical_altar_watching_god, minmay_misc_feat_ornament,
          interstate_on_off
D:2:      layout_basic, basic_altar, grunt_ministairs_13
D:3:      layout_loops_corners, slow_altar_1
D:4:      layout_gridville, chequers_temple_overflow_statue_of_worship,
          nicolae_ossuary_entry_giza, gammafunk_ghost_grave,
          chequers_serial_rivers_micro_b
D:5:      layout_loops_ring, nicolae_uskayaw_suspiria, minmay_temple_entry_ruins
D:6:      layout_basic, minmay_parallelograms
D:7:      layout_rooms, mainiacjoe_overflow_surrounded_room, uniq_harold,
          uniq_duvessa, uniq_joseph

Skill      XL: |  1  2  3  4  5  6  7  8  9 |
---------------+----------------------------+-----
Spellcasting   | 2 3 4 5 6 8 |  8.0
Fighting       | 2 |  2.3
Conjurations   | 4 7 9 10 | 10.0
Translocations | 2 |  2.0
Dodging        | |  1.7
Stealth        | |  1.7
Unarmed Combat | |  0.5

Action                   |  1- 3 |  4- 6 |  7- 9 || total
-------------------------+-------+-------+-------++-------
Melee: Unarmed           |     3 |    17 |     2 ||    22
 Cast: Magic Dart        |    69 |   159 |   115 ||   343
       Searing Ray       |     1 |    22 |    51 ||    74
       Iskenderun's Myst |       |       |     2 ||     2
  Use: Potion            |       |       |     3 ||     3
 Stab: Sleeping          |       |     1 |       ||     1
Armor: Robe              |     2 |    14 |    11 ||    27
Dodge: Dodged            |     3 |    75 |    24 ||   102
